AoeStats
← VastStarling392

Black Forest

509928986Analyzed
2v2 RM · 4d ago on Sep 28, 2026· 44m 45s· 4 players
Game mode
Random Map
Map size
Medium (4 player)
Population
200
Speed
Normal
Resources
Standard
Victory
Conquest
Starting age
Dark Age
Ending age
Imperial Age
RankedLock teamsTeams togetherTeam positionsShared explorationLock speedFull tech treeHidden civsTurbo modeCheats
Victory
Defeat
🇨🇿 Khmer · Czechia
940
+14
🇦🇹 Turks · Austria
915
+14
🇩🇪 Bohemians · Germany
890
-14
🇩🇪 Britons · Germany
885
-14
Archer Queen
14:40 Feudal Age
16:02 Double-Bit Axe
18:34 Castle Age
22:56 Imperial Age
24:16 Horse Collar
25:13 Padded Archer Armor
27:14 Leather Archer Armor
29:53 Loom
VastStarling392
0:34 Loom
12:45 Feudal Age
13:12 Double-Bit Axe
13:49 Horse Collar
17:03 Castle Age
17:44 Stone Mining
18:09 Bow Saw
19:14 Heavy Plow
20:16 Gold Mining
30:21 Imperial Age
27:59 Fletching
28:15 Scale Barding Armor
28:21 Forging
29:30 Gold Shaft Mining
29:07 Bodkin Arrow
30:37 Bloodlines
30:59 Fortified Wall
32:46 Wheelbarrow
32:40 Bracer
33:16 Iron Casting
34:34 Ballistics
34:11 Onager
35:02 Double Crossbow
35:38 Caravan
37:39 Hand Cart
37:10 Town Watch
38:29 Blast Furnace
37:51 Chain Barding Armor
37:32 Scale Mail Armor
37:22 Elite Ballista Elephant
38:55 Murder Holes
39:11 Masonry
40:12 Pikeman
40:15 Cavalier
40:45 Heavy Scorpion
42:17 Stone Shaft Mining
42:09 Elite Battle Elephant
44:03 Padded Archer Armor
44:39 Plate Barding Armor
dribblertimi
0:31 Loom
13:46 Feudal Age
14:12 Horse Collar
14:22 Double-Bit Axe
16:45 Wheelbarrow
22:03 Castle Age
23:29 Bow Saw
23:38 Hand Cart
25:17 Heavy Plow
30:23 Pikeman
31:03 Squires
30:49 Arson
33:35 Imperial Age
31:19 Murder Holes
32:27 Fortified Wall
33:18 Chemistry
32:56 Forging
32:46 Scale Mail Armor
37:44 Iron Casting
37:26 Siege Engineers
37:55 Chain Mail Armor
41:19 Fletching
41:30 Padded Archer Armor
42:30 Blast Furnace
41:23 Elite Skirmisher
42:39 Ballistics
Just4Fun
11:58 Feudal Age
12:33 Double-Bit Axe
13:17 Gold Mining
13:18 Stone Mining
19:28 Castle Age
17:37 Horse Collar
21:32 Bow Saw
22:44 Gold Shaft Mining
27:45 Padded Archer Armor
27:35 Fletching
28:55 Ballistics
31:02 Heavy Plow
35:02 Imperial Age
35:27 Leather Archer Armor
35:07 Bodkin Arrow
35:23 Forging
35:14 Scale Mail Armor
34:45 Pikeman
37:33 Chemistry
38:31 Ring Archer Armor
42:33 Elite Longbowman
45:22 Yeomen
Connection lost

Rejoining the realm…

Still unreachable

The connection could not be restored.

Session expired

The server has moved on; the page needs a fresh start.